Map: Oxide LE

Players

Heeebster - Winner!

  • Race: Protoss Protoss
  • League: Diamond
  • Spawn Location: 1:00

PhleBuster

  • Race: Zerg Zerg
  • League: Diamond
  • Spawn Location: 7:00

VOD

Have the link to the VOD?

Description

Time

  • Played on: Nov. 15, 2020, 12:59 p.m.
  • Length: 3:04
Show
View Real Time Build Order
Export as new Build Order

Heeebster Protoss - Winner!

Build Orders:  

Get SALT Encoding   

  12  0:01  Probe  
  13  0:13  Probe  
  14  0:25  Probe  
  15  0:31  Pylon  
  15  0:49  Gateway  
  15  0:50  Gateway  
  15  1:00  Gateway  
  15  1:08  Gateway  
  15  1:12  Probe  
  16  1:24  Probe  
  16  1:25  Pylon  
  17  1:34  Zealot (Chrono Boost)  
  21  1:48  Zealot (Chrono Boost)  
  23  1:55  Zealot (Chrono Boost)  
  23  1:57  Zealot (Chrono Boost)  
  27  2:03  Zealot (Chrono Boost)  
  27  2:04  Pylon  
  27  2:15  Zealot (Chrono Boost)  
  31  2:24  Zealot (Chrono Boost)  
  31  2:36  Zealot x2  
Show
View Real Time Build Order
Export as new Build Order

PhleBuster Zerg 

Build Orders: Hatch First 

Get SALT Encoding   

  12  0:03  Drone  
  13  0:12  Overlord  
  13  0:19  Drone  
  14  0:30  Drone x2  
  16  0:36  Drone  
  17  0:51  Hatchery  
  17  0:54  Drone  
  17  0:58  Drone  
  18  1:08  Extractor  
  17  1:12  Spawning Pool  
  17  1:15  Drone  
  17  1:19  Drone  
  18  1:38  Overlord  
  18  2:00  Queen  
  20  2:04  Queen, Spine Crawler  
  20  2:05  Spine Crawler  
  20  2:06  Zergling x2  
  20  2:07  Zergling x2  
  22  2:11  Zergling x2  
  23  2:17  Zergling x2  
  23  2:20  Zergling x2  
  25  2:29  Zergling x2  
  23  2:36  Zergling x2  
  21  2:38  Zergling x2  
  21  2:44  Zergling x2  
Tags
 
Matchup
PvZ
Replay Pack
Replays
Spawn Locations
Cross Positions
Add a new tag
Caveats
  • Supply blocks, unpowered buildings, or Contaminate may cause inaccurate times.
  • Supply counts are checked every 10 seconds.